AoeStats
← 19MCMLXXXIV84

Arabia

510112308Analyzed
4v4 RM · 24h ago on Sep 29, 2026· 52m 29s· 8 players
Game mode
Random Map
Map size
Large (8 player)
Population
200
Speed
Normal
Resources
Standard
Victory
Conquest
Starting age
Dark Age
Ending age
Imperial Age
RankedLock teamsTeams togetherTeam positionsShared explorationLock speedFull tech treeHidden civsTurbo modeCheats
Victory
Defeat
🇦🇹 Aztecs · Austria
1176
+16
🇮🇳 Turks · India
1174
+16
🇭🇰 Shu · Hong Kong SAR China
1164
+16
🇨🇳 Persians · China
1144
+17
🇹🇼 Shu · Taiwan
1266
-20
🇹🇼 Varangians · Taiwan
1235
-19
🇹🇼 Magyars · Taiwan
1088
-13
🇹🇼 Wu · Taiwan
1083
-13
一梦千年
3:34 Loom
10:07 Feudal Age
15:15 Forging
17:39 Bloodlines
23:36 Castle Age
24:08 Husbandry
24:55 Scale Barding Armor
25:12 Gold Mining
26:00 Wheelbarrow
26:07 Iron Casting
27:46 Chain Barding Armor
29:44 Horse Collar
30:33 Double-Bit Axe
31:52 Bow Saw
31:46 Heavy Plow
38:14 Imperial Age
36:00 Hand Cart
35:30 Town Watch
39:07 Crop Rotation
39:14 Plate Barding Armor
39:40 Blast Furnace
39:25 Gold Shaft Mining
38:44 Cavalier
40:45 Savar
43:52 Conscription
19MCMLXXXIV84
9:37 Loom
11:23 Feudal Age
12:11 Horse Collar
12:50 Double-Bit Axe
14:10 Scale Mail Armor
14:59 Forging
18:53 Gold Mining
18:56 Stone Mining
24:24 Castle Age
24:19 Wheelbarrow
24:28 Eagle Warrior
25:10 Squires
25:27 Chain Mail Armor
27:34 Bow Saw
27:28 Heavy Plow
40:02 Imperial Age
38:01 Pikeman
39:58 Hand Cart
39:29 Town Watch
40:23 Iron Casting
39:39 Fletching
40:16 Elite Eagle Warrior
42:29 Plate Mail Armor
43:21 Blast Furnace
43:58 Arson
44:49 Town Patrol
46:16 Bodkin Arrow
47:00 Crop Rotation
47:08 Sanctity
47:00 Fervor
47:05 Block Printing
48:14 Ballistics
48:28 Conscription
48:43 Garland Wars
48:50 Caravan
52:21 Atlatl
MiKa
1:48 Loom
10:50 Feudal Age
11:33 Double-Bit Axe
15:49 Fletching
22:41 Castle Age
21:24 Horse Collar
22:55 Crossbowman
23:57 Bodkin Arrow
24:54 Padded Archer Armor
25:59 Bow Saw
29:29 Ballistics
29:52 Wheelbarrow
32:12 Gold Mining
37:07 Imperial Age
35:28 Thumb Ring
36:10 Leather Archer Armor
37:55 Bracer
37:49 Arbalester
40:10 Chemistry
40:20 Hand Cart
39:50 Town Watch
43:05 Siege Engineers
43:35 Conscription
43:58 Capped Ram
44:57 Masonry
44:28 Treadmill Crane
45:01 Masonry
45:23 Ring Archer Armor
45:05 Forging
44:56 Scale Mail Armor
48:48 Caravan
AztecKiller2427
4:07 Loom
9:55 Feudal Age
10:50 Double-Bit Axe
22:29 Castle Age
21:02 Horse Collar
21:48 Scale Barding Armor
22:38 Bloodlines
23:17 Husbandry
25:04 Chain Barding Armor
27:35 Heavy Plow
33:22 Wheelbarrow
37:21 Imperial Age
35:35 Forging
38:40 Plate Barding Armor
47:07 Bow Saw
49:36 Iron Casting
53:34 Blast Furnace
53:25 Conscription
無際
6:32 Loom
6:38 Loom
9:12 Feudal Age
10:03 Double-Bit Axe
15:30 Wheelbarrow
21:48 Castle Age
24:21 Husbandry
24:35 Bow Saw
24:07 Horse Collar
24:18 Gold Mining
25:56 Fletching
26:07 Padded Archer Armor
26:13 Scale Barding Armor
26:19 Forging
26:29 Bloodlines
26:28 Heavy Plow
28:15 Bodkin Arrow
29:46 Ballistics
30:42 Stone Mining
33:14 Scale Barding Armor
33:51 Leather Archer Armor
35:58 Chain Barding Armor
38:10 Hand Cart
38:39 Forging
41:31 Imperial Age
40:51 Iron Casting
40:25 Light Cavalry
41:56 Cavalier
43:13 Plate Barding Armor
42:39 Bracer
43:56 Ring Archer Armor
42:49 Cranequins
44:53 Blast Furnace
46:17 Chemistry
45:16 Vendel Legacy
46:17 Conscription
47:24 Heavy Mounted Crossbowman
48:57 Masonry
48:28 Treadmill Crane
pokemonmastersoji
6:21 Loom
9:45 Feudal Age
17:36 Scale Barding Armor
18:02 Horse Collar
22:31 Castle Age
21:32 Bloodlines
22:09 Double-Bit Axe
24:50 Husbandry
27:05 Gold Mining
30:37 Chain Barding Armor
33:59 Corvinian Army
38:14 Light Cavalry
39:29 Bow Saw
39:25 Heavy Plow
42:59 Imperial Age
43:41 Elite Magyar Huszar
44:43 Conscription
梨子假蘋果
6:41 Loom
9:17 Feudal Age
10:11 Double-Bit Axe
14:25 Fletching
25:30 Castle Age
25:23 Gold Mining
25:45 Crossbowman
26:23 Bodkin Arrow
27:08 Padded Archer Armor
28:54 Leather Archer Armor
32:04 Ballistics
33:01 Gold Shaft Mining
34:40 Thumb Ring
40:32 Bow Saw
43:27 Imperial Age
43:27 Arbalester
44:07 Bracer
45:42 Chemistry
a27589682000
8:19 Loom
10:15 Feudal Age
13:50 Double-Bit Axe
17:03 Fletching
21:56 Castle Age
21:50 Gold Mining
22:31 Padded Archer Armor
22:04 Crossbowman
23:01 Bodkin Arrow
24:10 Bow Saw
25:32 Padded Archer Armor
27:46 Gold Shaft Mining
29:40 Wheelbarrow
30:39 Elite Skirmisher
40:10 Imperial Age
41:21 Bracer
41:37 Leather Archer Armor
40:46 Arbalester
40:52 Arbalester
Connection lost

Rejoining the realm…

Still unreachable

The connection could not be restored.

Session expired

The server has moved on; the page needs a fresh start.